 Dungeon Crawl Stone Soup version 0.17-a0-1951-g62301d3 (webtiles) character file.

77 glosham the Skirmisher (level 3, 0/33 HPs)
             Began as a Demigod Skald on Oct 2, 2015.
             Slain by a slave (7 damage)
             ... led by Pikel
             ... on level 5 of the Dungeon.
             The game lasted 00:17:43 (1074 turns).

glosham the Skirmisher (Demigod Skald)              Turns: 1074, Time: 00:17:43

Health: 0/33       AC: 13    Str: 17    XL:     3   Next: 92%
Magic:  8/8        EV:  5    Int: 16    God:
Gold:   121        SH:  0    Dex: 15    Spells: 1 memorised, 4 levels left

rFire  . . .     SeeInvis .     a - +2 hand axe
rCold  . . .     Clarity  .     X - +0 plate armour
rNeg   . . .     SustAt   +     (no shield)
rPois  .         Gourm    .     U - +2 hat {MR+}
rElec  .         Spirit   .     (no cloak)
rCorr  .         Warding  .     (no gloves)
rMut   .         Stasis   .     W - +0 pair of boots
MR     +....                    (no amulet)
Stlth  ..........               (no ring)
                                (no ring)

@: somewhat resistant to hostile enchantments, extremely unstealthy
A: high mp 1, sustain attributes
a: no special abilities


You were on level 5 of the Dungeon.
You were not hungry.

You visited 1 branch of the dungeon, and saw 5 of its levels.

You collected 121 gold pieces.

Inventory:

Hand weapons
 a - a +2 hand axe (weapon)
Missiles
 b - 13 sling bullets of frost
 j - 63 stones (quivered)
 k - 25 arrows
 l - 13 sling bullets
 n - 12 bolts
Armour
 r - a +0 leather armour
 U - a +2 hat of magic resistance (worn)
 W - a +0 pair of boots (worn)
 X - a +0 plate armour (worn)
 Z - a +0 buckler
Scrolls
 g - 4 scrolls of identify
 p - 2 scrolls of teleportation
 s - a scroll of remove curse
Potions
 h - a potion of might
 m - a potion of curing
Books
 c - a book of Battle

   Spells                             Type                      Level
   a - Infusion                       Charms                       1
   b - Shroud of Golubria             Charms/Translocation         2
   c - Song of Slaying                Charms                       2
   d - Spectral Weapon                Hexes/Charms                 3
   e - Regeneration                   Charms/Necromancy            3
Comestibles
 d - 2 bread rations
 f - a slice of pizza
 i - a meat ration


   Skills:
 * Level 4.0 Fighting
 - Level 1.7 Axes
 - Level 1.0 Armour
 - Level 0.8 Dodging
 - Level 1.7 Spellcasting
 - Level 2.6 Charms


You had 4 spell levels left.
You knew the following spells:

 Your Spells              Type           Power        Failure   Level  Hunger
a - Infusion              Chrm           ##....       100%        1    ##.....


Dungeon Overview and Level Annotations

Branches:
Dungeon (5/15)             Temple (0/1) D:4


Innate Abilities, Weirdness & Mutations

You have an increased reservoir of magic (+10% MP).
Your attributes are resistant to harm.


Message History

The slave hits you but does no damage.
You closely miss the slave.
The slave is lightly wounded.
The slave hits you but does no damage.
You hit the slave.
The slave is heavily wounded.
The slave hits you but does no damage. The slave barely misses you.
You closely miss the slave.
The slave is heavily wounded.
The slave hits you.
* * * LOW HITPOINT WARNING * * *
Your plate armour prevents you from hitting the slave.
The slave is heavily wounded.
The slave hits you but does no damage.
You hit the slave.
The slave is severely wounded.
The slave barely misses you.
You closely miss the slave.
The slave is severely wounded.
The slave hits you but does no damage. The slave hits you.
* * * LOW HITPOINT WARNING * * *
You hit the slave but do no damage.
The slave is severely wounded.
The slave hits you but does no damage.
You barely miss the slave.
The slave is severely wounded.
The slave hits you but does no damage.
You closely miss the slave.
The slave is severely wounded.
The slave hits you but does no damage.
You miss the slave.
The slave is severely wounded.
The slave barely misses you.
Your plate armour prevents you from hitting the slave.
The slave is severely wounded.
The slave hits you but does no damage. The slave closely misses you.
You hit the slave.
The slave is severely wounded.
The slave hits you!
You die...

#.#.##### #. ##
#.#.# ## ##. #.#.#
##+####≈# #.#.#
≈.≈≈§≈≈# #.#.#
..##..# #.#.#
#####.###.## #.#.#
#.....###..###.#.#
##......p@....#.#.#
#.......###...#.#.#
#.....#.# ##..#.#.#
.....(.#.# #..#.#.#
.......#.# ##.#.#.#
....p..#.# #.#.#.#
....p....# #...#.#
.......### ##.##.#
....### #.##.#


You could see a slave.

Vanquished Creatures
  A slave (D:5)
  A worker ant (D:4)
  2 adders
  An ooze (D:2)
  2 orcs (D:3)
  A ball python (D:3)
  3 bats (D:3)
  A giant cockroach (D:2)
  3 goblins (D:3)
  2 hobgoblins (D:3)
  4 jackals (D:3)
  4 quokkas
  A giant newt (D:1)
  3 kobolds
  5 rats
34 creatures vanquished.

Notes
Turn   | Place    | Note
--------------------------------------------------------------
     0 | D:1      | glosham the Demigod Skald began the quest for the Orb.
     0 | D:1      | Reached XP level 1. HP: 17/17 MP: 5/5
    87 | D:1      | Reached skill level 2 in Fighting
   144 | D:2      | Found a snail-covered altar of Cheibriados.
   144 | D:2      | Found a glowing silver altar of Zin.
   288 | D:3      | Reached XP level 2. HP: 18/25 MP: 7/7
   479 | D:4      | Reached skill level 3 in Fighting
   479 | D:4      | Reached XP level 3. HP: 16/31 MP: 8/8
   514 | D:4      | Found a staircase to the Ecumenical Temple.
   815 | D:3      | Reached skill level 1 in Armour
   931 | D:5      | Entered Level 5 of the Dungeon
  1015 | D:5      | Reached skill level 4 in Fighting
  1037 | D:5      | Noticed a slave
  1037 | D:5      | Noticed a slave
  1061 | D:5      | Killed a slave
  1074 | D:5      | Slain by a slave

Vault maps used:
D:1:      minmay_arrival_doors
D:2:      evilmike_ruin_ashenzari, gammafunk_temple_overflow_wave,
          tgw_kikubaaqudgha, uniq_robin, uniq_jessica
D:3:      fedhas_altar_4
D:4:      minmay_temple_entry_statues_fountains, serial_shops,
          nicolae_shop_overgrown_old_shop, first_bread, glass_columns_a,
          minmay_stone_trees_small, nemelex_diamond_rough_becter, uniq_menkaure,
          uniq_duvessa
D:5:      lightli_temple_of_fire, uniq_pikel

Action                   || total
-------------------------++-------
Melee: Hand axe          ||   158
  Use: Scroll            ||     8
       Potion            ||     2
 Stab: Invisible         ||     1
  Eat: Pizza             ||     1

Table legend:
 A = Turns spent in this place as a percentage of turns spent in the entire game.
 B = Non-inter-level travel turns spent in this place as a percentage of non-inter-level travel turns spent in the entire game.
 C = Inter-level travel turns spent in this place as a percentage of turns spent in this place.
 D = Turns resting spent in this place as a percentage of non-inter-level travel turns spent in this place.
 E = Turns spent auto-exploring this place as a percentage of non-inter-level travel turns spent in this place.
 F = Non-inter-level travel turns spent in this place divided by the number of levels of this place that you've seen.
                   A       B       C       D       E      F
               +-------+-------+-------+-------+-------+----------------------
         Total | 100.0 | 100.0 |   0.2 |   0.2 |   0.0 | 166.0
       Dungeon | 100.0 | 100.0 |   0.2 |   0.2 |   0.0 | 166.0
               +-------+-------+-------+-------+-------+----------------------

Table legend:
 A = Kills in this place as a percentage of kills in entire the game.
 B = Kills by you in this place as a percentage of kills by you in the entire game.
 C = Kills by friends in this place as a percentage of kills by friends in the entire game.
 D = Other kills in this place as a percentage of other kills in the entire game.
 E = Experience gained in this place as a percentage of experience gained in the entire game.
 F = Experience gained in this place divided by the number of levels of this place that you have seen.
                   A       B       C       D       E      F
               +-------+-------+-------+-------+-------+----------------------
         Total | 100.0 | 100.0 |  -nan |  -nan | 100.0 |  22.2
       Dungeon | 100.0 | 100.0 |  -nan |  -nan | 100.0 |  22.2
               +-------+-------+-------+-------+-------+----------------------

Vault maps used:
D:1:      minmay_arrival_doors
D:2:      evilmike_ruin_ashenzari, gammafunk_temple_overflow_wave,
          tgw_kikubaaqudgha, uniq_robin, uniq_jessica
D:3:      fedhas_altar_4
D:4:      minmay_temple_entry_statues_fountains, serial_shops,
          nicolae_shop_overgrown_old_shop, first_bread, glass_columns_a,
          minmay_stone_trees_small, nemelex_diamond_rough_becter, uniq_menkaure,
          uniq_duvessa
D:5:      lightli_temple_of_fire, uniq_pikel
